 Dungeon Crawl Stone Soup version 0.31-a0-806-g0bc164a743 (webtiles) character file.

Game seed: 5784637939918055873

46 Nedwor the Trooper (level 3, -1/29 HPs)
             Began as a Demonspawn Fighter on Sept 21, 2023.
             Succumbed to a scorpion's poison
             ... on level 4 of the Dungeon.
             The game lasted 00:01:47 (1317 turns).

Nedwor the Trooper (Demonspawn Fighter)             Turns: 1317, Time: 00:01:48

Health: -1/29      AC: 12    Str: 18    XL:     3   Next: 46%
Magic:  3/3        EV:  9    Int:  9    God:
Gold:   89         SH:  4    Dex: 12    Spells: 2/2 levels left

rFire   . . .        a - +0 rapier
rCold   . . .        c - +0 buckler
rNeg    . . .        b - +0 scale mail
rPois   .            (no helmet)
rElec   .            (no cloak)
rCorr   .            (no gloves)
SInv    .            (no boots)
Will    .....        (no amulet) Stlth
                     (no ring)
HPRegen 0.24/turn    (no ring)
MPRegen 0.08/turn

%: no passive effects
@: lethally poisoned (-1 -> -11), sanguine armoured
A: ignite blood 1, sanguine armour 1
a: no special abilities


You were on level 4 of the Dungeon.
You visited 1 branch of the dungeon, and saw 3 of its levels.

You collected 89 gold pieces.

Inventory:

Hand Weapons
 a - a +0 rapier (weapon)
Armour
 b - a +0 scale mail (worn)
 c - a +0 buckler (worn)
Wands
 h - a wand of roots (8)
Scrolls
 e - 2 scrolls of identify {unknown}
 f - 2 scrolls of teleportation {unknown}
 g - a scroll of silence {unknown}
 i - a scroll of fog {unknown}
 j - a scroll of enchant weapon {unknown}
Potions
 d - a potion of curing {unknown}


   Skills:
 + Level 3.3 Fighting
 * Level 2.6 Short Blades
 + Level 3.0 Armour
 + Level 3.0 Shields


You had 2 spell levels left.
You didn't know any spells.
Your spell library contained the following spells:

 Spells                   Type           Power      Damage    Failure   Level
 Ensorcelled Hibernation  Hex/Ice        0%         N/A       94%         2
 Jinxbite                 Hex            0%         N/A       94%         2
 Sublimation of Blood     Necr           0%         N/A       94%         2
 Wereblood                Tmut           0%         N/A       94%         2
 Anguish                  Hex/Necr       0%         N/A       100%        4
 Irradiate                Conj/Tmut      0%         3d11      100%        5
 Summon Hydra             Summ           0%         N/A       100%        7


Dungeon Overview and Level Annotations

Branches:
Dungeon (4/15)
 Temple: D:4-7

Altars:


Innate Abilities, Weirdness & Mutations

Your demonic aura sometimes causes spilled blood to erupt in flames.
When seriously injured, your blood forms armour. (AC +6)


Message History

Found a stone staircase leading down.
A gnoll and a phantom come into view.
The gnoll shouts!
A gnoll comes into view. It is wielding a +0 whip.
The phantom moves out of view.
The gnoll shouts!
You hit the endoplasm but do no damage. The endoplasm completely misses you.
You hit the scorpion but do no damage.
The scorpion stings you but does no damage.
The endoplasm closely misses you.
You closely miss the scorpion. You block the scorpion's attack.
The endoplasm hits you but does no damage.
A gnoll comes into view. It is wielding a +0 flail.
The scorpion stings you.
The gnoll shouts!
You hit the scorpion.
The scorpion is lightly wounded.
The endoplasm closely misses you. The gnoll hits you but does no damage.
You block the scorpion's attack.
You hit the scorpion.
The scorpion is moderately wounded.
The scorpion stings you but does no damage.
The endoplasm hits you. The gnoll hits you but does no damage.
You barely miss the scorpion.
The scorpion is moderately wounded.
The scorpion stings you.
You are poisoned.
The scorpion poisons you! The gnoll hits you but does no damage.
The endoplasm freezes you.
You are frozen.
Your blood congeals into armour.
The scorpion stings you but does no damage.
You block the endoplasm's attack. The gnoll hits you with a +0 whip.
The gnoll hits you but does no damage.
You feel very sick. The phantom hits you.
* * * LOW HITPOINT WARNING * * *
The gnoll barely misses you.
The gnoll hits you from afar with a +0 spear.
* * * LOW HITPOINT WARNING * * *
You die...

.>..... .... .....#.
#....
.......###......
................
........#.........
...................
.....ggsJ..........
.....gW○.........#
....#..@..#.......#
.. ... ##...###...#
.##.. .
#.......>..##.....
#....#.$..........#
#...##............#
#................#.#
#..................#
#........#..<.#..###
#...#####......##


You could see a phantom, a scorpion, 3 gnolls and an endoplasm.

Vanquished Creatures
  An adder (D:2)
  3 dart slugs
  7 endoplasms
  3 giant cockroaches
  3 goblins (D:2)
  2 hobgoblins (D:2)
  2 kobolds
  A quokka (D:1)
  2 ball pythons
  A bat (D:2)
  A frilled lizard (D:1)
  2 rats (D:1)
28 creatures vanquished.

Notes
Turn   | Place    | Note
-------+----------+-------------------------------------------
     0 | D:1      | Nedwor the Demonspawn Fighter began the quest for the Orb.
     0 | D:1      | Reached XP level 1. HP: 18/18 MP: 1/1
   214 | D:1      | Gained mutation: Your demonic aura sometimes causes spilled
                  | blood to erupt in flames. [demonic ancestry]
   214 | D:1      | Reached XP level 2. HP: 10/24 MP: 2/2
   835 | D:2      | Found the +5 Force Lance {heavy, knockback}
   994 | D:2      | Gained mutation: When seriously injured, your blood forms
                  | armour. (AC +6) [demonic ancestry]
   994 | D:2      | Reached XP level 3. HP: 9/29 MP: 3/3
  1280 | D:2      | You fall into a shaft and drop 2 floors!
  1307 | D:4      | Noticed a scorpion
  1309 | D:4      | Noticed a phantom
  1317 | D:4      | Succumbed to a scorpion's poison

Illustrated notes

Levels and vault maps discovered:
D:1:      mrwooster_arrival_arrow, layout_basic
D:2:      layout_basic
D:4:      layout_cave_pools, mainiacjoe_overflow_catwalk_spiral,
          nicolae_shop_firing_range, uniq_duvessa

Skill      XL: |  1  2  3 |
---------------+----------+-----
Short Blades   | 2 |  2.6
Armour         | 3 |  3.0
Shields        | 3 |  3.0
Fighting       | |  3.3

Action                     || total
---------------------------++-------
  Melee: Rapier            ||   102
    Use: Potion            ||     1
 Armour: Scale mail        ||    68
  Dodge: Dodged            ||    33
  Block: Buckler           ||    23

Table legend: (Time is in decaauts)
 A = Elapsed time spent in this place.
 B = Non-inter-level travel time spent in this place.
 C = Inter-level travel time spent in this place.
 D = Time resting spent in this place.
 E = Time spent auto-exploring this place.
 F = Levels seen in this place.
 G = Mean time per level.
                   A        B        C        D        E       F      G
               +--------+--------+--------+--------+--------+-----+--------+
         Total |   1329 |   1278 |     51 |     56 |   1017 |   3 |  443.0 |
       Dungeon |   1329 |   1278 |     51 |     56 |   1017 |   3 |  443.0 |
               +--------+--------+--------+--------+--------+-----+--------+

Top non-repeatable levels by time:
     D:1: 832 daAuts
     D:2: 459 daAuts
     D:4: 37 daAuts
